 Dungeon Crawl Stone Soup version 0.28-a0-43-g560ac104fe (webtiles) character file.

Game seed: 11464164898285375116

65837 arson the Warrior (level 14, -8/146 HPs)
             Began as a Minotaur Berserker on July 28, 2021.
             Was a High Priest of Trog.
             Mangled by an ice devil (21 damage)
             ... summoned by an orc sorcerer
             ... led by an orc knight
             ... while paralysed by an orc sorcerer
             ... on level 1 of the Orcish Mines.
             The game lasted 00:46:19 (26721 turns).

arson the Warrior (Minotaur Berserker)             Turns: 26721, Time: 00:46:21

Health: -8/146     AC: 16    Str: 36    XL:     14   Next: 77%
Magic:  13/13      EV:  2    Int:  4    God:    Trog [*****.]
Gold:   1678       SH:  0    Dex:  9    Spells: 13/13 levels left

rFire   + + +      SeeInvis .   k - +4 executioner's axe "Emif Muraen" {speed, rF+}
rCold   . . .      Faith    .   (shield currently unavailable)
rNeg    . . .      Spirit   .   T - +2 chain mail {rF+}
rPois   .          Reflect  +   (helmet restricted)
rElec   +          Harm     .   m - scarf {rC+ rF+}
rCorr   .          Rampage  .   o - +0 pair of gloves "Bodihame" {Str+6 Slay+2}
Will    +++..                   e - +0 pair of boots
Stlth   ..........              c - amulet of reflection
HPRegen 1.34/turn               L - ring "Boxkaoxt" {Fire +Blink Str+2}
MPRegen 0.13/turn               O - ring of Xyqanwin {rElec rF+ Slay+3}

@: paralysed, strong-willed, regenerating, studying Polearms
A: horns 2, retaliatory headbutt
a: Renounce Religion, Evoke Blink, Berserk, Trog's Hand, Brothers in Arms


You were on level 1 of the Orcish Mines.
You worshipped Trog.
Trog was extremely pleased with you.
You visited 3 branches of the dungeon, and saw 18 of its levels.
You also visited: Ossuary and Volcano.

You collected 1678 gold pieces.

Inventory:

Hand Weapons
 a - the +8 glaive "Yseshrunt" {flame, *Rage Int+5 Stlth+}
   (You found it on level 4 of the Lair of Beasts)

   It burns those it strikes, dealing additional fire damage.
   Big, fiery blades are also staple armaments of hydra-hunters.
   Int:       It affects your intelligence (+5).
   *Rage:     It may make you go berserk in combat.
   Stlth:     It makes you more stealthy.
 i - a +3 battleaxe of freezing
 k - the +4 executioner's axe "Emif Muraen" (weapon) {speed, rF+}
   (You acquired it on level 6 of the Lair of Beasts)

   Attacks with this weapon are significantly faster.
   rF:        It protects you from fire.
 C - a +4 executioner's axe
 N - the +8 flail of Blood {speed, Fly rPois rC- Dex+8}
   (You found it on level 5 of the Lair of Beasts)

   Attacks with this weapon are significantly faster.
   Dex:       It affects your dexterity (+8).
   rC:        It makes you vulnerable to cold.
   rPois:     It protects you from poison.
   Fly:       It grants you flight.
Missiles
 A - 2 throwing nets (quivered)
Armour
 e - a +0 pair of boots (worn)
 m - a scarf of resistance (worn)
 o - the +0 pair of gloves "Bodihame" (worn) {Str+6 Slay+2}
   (You acquired it in an ossuary)

   Str:       It affects your strength (+6).
   Slay:      It affects your accuracy & damage with ranged weapons and melee
   (+2).
 T - a +2 chain mail of fire resistance (worn)
Jewellery
 c - an amulet of reflection (around neck)
 d - a ring of protection from cold
 n - a ring of magical power
 t - a +4 ring of slaying
 E - an amulet of magic regeneration
 I - a ring of willpower
 L - the ring "Boxkaoxt" (left hand) {Fire +Blink Str+2}
   (You found it on level 6 of the Lair of Beasts)

   [ring of fire]

   It enhances your fire magic.
   Str:       It affects your strength (+2).
   rF:        It protects you from fire.
   rC:        It makes you vulnerable to cold.
   +Blink:    It lets you blink.
 O - the ring of Xyqanwin (right hand) {rElec rF+ Slay+3}
   (You found it on level 6 of the Lair of Beasts)

   [ring of protection from fire]

   Slay:      It affects your accuracy & damage with ranged weapons and melee
   (+3).
   rF:        It protects you from fire.
   rElec:     It insulates you from electricity.
Wands
 b - a wand of digging (3)
 p - a wand of polymorph (7)
 F - a wand of charming (5)
 K - a wand of flame (97)
 M - a wand of iceblast (14)
 Q - a wand of mindburst (12)
 R - a wand of acid (9)
Scrolls
 g - a scroll of vulnerability
 h - 7 scrolls of teleportation
 l - a scroll of immolation
 w - a scroll of holy word
 y - 3 scrolls of enchant armour
 z - 6 scrolls of fog
 P - a scroll of brand weapon
 S - a scroll of identify
Potions
 f - 4 potions of might
 j - 13 potions of degeneration
 q - 3 potions of haste
 r - 2 potions of flight
 s - 2 potions of lignification
 u - 2 potions of brilliance
 v - a potion of attraction
 x - 3 potions of berserk rage
 B - 4 potions of cancellation
 D - 2 potions of heal wounds
 G - a potion of experience {unknown}
 H - 3 potions of mutation
 J - a potion of magic {unknown}


   Skills:
 - Level 19.1 Fighting
 - Level 19.1 Axes
 + Level 9.7 Armour
 + Level 8.9 Dodging


You had 13 spell levels left.
You didn't know any spells.
Your spell library was empty.

Dungeon Overview and Level Annotations

Branches:
Dungeon (11/15)            Temple (0/1) D:7            Lair (6/6) D:8
 Shoals (0/4) Lair:2       Spider (0/4) Lair:2        Slime (0/5) Lair:5
    Orc (1/2) D:11        Ossuary (visited)         Volcano (visited)

Altars:
Kikubaaqudgha
Yredelemnul
Jiyva

Shops:
D:6 (   Orc:1 [

Annotations:
D:6 3 runed translucent doors, robertstho's ghost, novice DjFE


Innate Abilities, Weirdness & Mutations

You have a pair of horns on your head.
You reflexively headbutt those who attack you in melee.


Message History

Trog appreciates your killing of a magic user.
Reactivating autopickup.
You feel a bit more experienced.
The orc warrior hits you with a +0 glaive!!
You slice the orc warrior!!
You kill the orc warrior!
Trog accepts your kill.
The orc knight roars a battlecry!
The orcs go into a battle-frenzy!
You hear a shout!
Unknown command.
The orc warrior hits you from afar with a +0 trident.
Items here: )))) [[ ††.
An orc warrior comes into view. It is wielding a +2 vampiric hand axe.
The orc warrior hits you with a +0 trident!
The ice devil hits you but does no damage.
The orc sorcerer barely misses you.
You slice the orc sorcerer!!
The orc sorcerer is heavily wounded.
You hit the ice devil. You hit the orc warrior.
The orc warrior closely misses you. The ice devil misses you.
You furiously retaliate!
You headbutt the ice devil!
The orc sorcerer points at you and mumbles some strange words.
You suddenly lose the ability to move!
The orc warrior hits you with a +0 trident!
The orc knight hits you with a +0 great sword.
The orc sorcerer hits you but does no damage.
The ice devil hits you. The ice devil freezes you!
The orc knight completely misses you. The ice devil hits you!
* * * LOW HITPOINT WARNING * * *
The ice devil freezes you!
* * * LOW HITPOINT WARNING * * *
The orc sorcerer hits you but does no damage.
The orc warrior hits you but does no damage.
The orc knight hits you with a +0 great sword!
* * * LOW HITPOINT WARNING * * *
The ice devil hits you.
* * * LOW HITPOINT WARNING * * *
The ice devil freezes you!!
You die...

..####...####..#* *,,,,,**
.###....##.#...## **,,,,,**
................# *,,,,,,,*
........##.#...###**,,,,,,**
..........##...#.##*,,,,,,,*
......#...........#**.#,,,**
...#.##.......^#.#*#.#..,,,*
...###.....#.)#)o#......,,,*
..## ##......)))@o......,,,*
.## #.........oo4......,,**
..#**#.$..........o.....,,**
.###......#........$....,,,*
###.....#############...,,,*
...#.###* *****..,,,* ....#*
**** ***,,,,,.,,,*
.,..,****,,* *,,,,,,,,,,,*
,,,,,*,,,,,*****,,,,**,,,,,*


You could see an orc knight, an ice devil (summoned), an orc sorcerer (strong),
2 orc warriors and an orc (strong).

Vanquished Creatures
  A dire elephant (Lair:5)
  A fire dragon (Volcano)
  7 hydras
  5 catoblepae
  The ghost of Litod the Eclecticist, a journeyman DESu of Vehumet (Lair:6)
  3 two-headed ogres (D:11)
  19 death yaks
  Nergalle (D:11)
  4 sun demons (Volcano)
  A manticore (Lair:6)
  A cyclops (D:11)
  19 elephants
  5 centaur zombies
  3 black mambas
  2 gargoyles
  Psyche (D:9)
  4 rime drakes
  2 kobold demonologists (D:11)
  11 cane toads
  15 komodo dragons
  A troll (D:8)
  7 dream sheep (Lair:5)
  5 blink frogs (Lair:2)
  A snapping turtle (Lair:2)
  Sigmund (D:5)
  A spriggan (Lair:5)
  30 yaks
  A wraith (Ossuary)
  9 wyverns
  4 basilisks
  2 steam dragons (Volcano)
  A death yak simulacrum (Lair:6)
  6 vampire mosquitoes
  Edmund (D:4)
  2 hell hounds (Volcano)
  2 acid dragons
  A hydra simulacrum (Lair:6)
  13 water moccasins
  A swamp drake (D:11)
  9 orc warriors
  A sky beast (D:7)
  A black bear (D:8)
  14 wolves
  4 centaurs
  5 kobold brigands
  2 phantoms
  2 gnoll sergeants (D:8)
  8 bullfrogs
  2 scorpions
  3 cane toad simulacra (Lair:6)
  2 jellies (D:7)
  7 wights
  An electric eel (Lair:1)
  A howler monkey (D:6)
  4 hounds
  11 orc priests
  A gnoll shaman (D:5)
  An iguana (D:4)
  11 orc wizards
  A killer bee zombie (D:8)
  A mummy (Ossuary)
  2 howler monkey zombies (D:8)
  18 gnolls
  7 adders
  3 shadow imps
  3 white imps
  An ufetubus (D:2)
  3 worms
  3 dart slugs
  47 orcs
  10 endoplasms
  5 giant cockroaches
  7 goblins
  16 hobgoblins
  4 jackals (D:1)
  2 quokkas (D:2)
  12 ball pythons
  6 bats
  2 frilled lizards
  3 gnoll skeletons (Ossuary)
  A jackal skeleton (D:4)
  53 kobolds
  5 kobold skeletons (Ossuary)
  17 orc skeletons (Ossuary)
  5 rats
522 creatures vanquished.

Vanquished Creatures (collateral kills)
  A fire dragon (Lair:1)
  5 death yaks (Lair:4)
6 creatures vanquished.

Vanquished Creatures (others)
  A yak (Lair:5)
  117 fungi
  138 plants
256 creatures vanquished.

Grand Total: 784 creatures vanquished

Notes
Turn   | Place    | Note
-------+----------+-------------------------------------------
     0 | D:1      | arson the Minotaur Berserker began the quest for the Orb.
     0 | D:1      | Reached XP level 1. HP: 19/19 MP: 0/0
   294 | D:1      | Reached XP level 2. HP: 27/27 MP: 1/1
   370 | D:1      | Found a faded altar of an unknown god.
   737 | D:1      | Reached ** piety under Trog
   738 | D:1      | Reached XP level 3. HP: 34/34 MP: 2/2
  1552 | D:2      | Reached XP level 4. HP: 33/41 MP: 3/3
  1644 | D:2      | Reached skill level 5 in Fighting
  1644 | D:2      | Reached skill level 5 in Axes
  2049 | D:3      | Found an ancient bone altar of Kikubaaqudgha.
  2741 | D:4      | Reached *** piety under Trog
  2879 | D:4      | Reached XP level 5. HP: 47/49 MP: 4/4
  3147 | D:4      | Identified the +1 ring mail of the Northern Lights {rF+
                  | Dex+4}
  3184 | D:4      | Noticed Edmund
  3193 | D:4      | Killed Edmund
  3194 | D:4      | Reached XP level 6. HP: 58/58 MP: 5/5
  3645 | D:5      | Entered Level 5 of the Dungeon
  3658 | D:5      | Found a sand-covered staircase.
  3691 | Ossuary  | Entered an ossuary
  3691 | Ossuary  | Noticed a wraith
  3691 | Ossuary  | Noticed a wraith
  3691 | Ossuary  | Noticed a wraith
  3772 | Ossuary  | Noticed a wraith
  3799 | Ossuary  | Killed a wraith
  3800 | Ossuary  | Reached XP level 7. HP: 10/66 MP: 6/6
  4082 | Ossuary  | Identified a scroll of acquirement
  4084 | Ossuary  | Acquired the +0 pair of gloves "Bodihame" {Str+6 Slay+2}
  4120 | Ossuary  | Reached **** piety under Trog
  4872 | D:5      | Noticed Sigmund
  4881 | D:5      | Killed Sigmund
  5356 | D:6      | Reached XP level 8. HP: 73/78 MP: 7/7
  5462 | D:6      | Found a runed translucent gate.
  5463 | D:6      | Found a runed translucent gate.
  5463 | D:6      | Noticed robertstho's ghost (novice DjFE)
  5550 | D:6      | Found a runed translucent gate.
  5833 | D:6      | Reached ***** piety under Trog
  5895 | D:6      | Reached skill level 10 in Fighting
  5895 | D:6      | Reached skill level 10 in Axes
  5898 | D:6      | Found Ruehaamo's Antique Weapon Emporium.
  6680 | D:7      | Reached XP level 9. HP: 65/86 MP: 8/8
  6897 | D:7      | Found a staircase to the Ecumenical Temple.
  6982 | D:7      | Received a gift from Trog
  7453 | D:8      | Noticed a troll
  7457 | D:8      | Killed a troll
  7700 | D:8      | Found a staircase to the Lair.
  8720 | D:8      | Reached XP level 10. HP: 83/99 MP: 9/9
  8966 | D:8      | Found a transporter.
  9233 | D:8      | Found a transporter.
  9987 | Lair:1   | Entered Level 1 of the Lair of Beasts
 10237 | Lair:1   | Noticed a five-headed hydra
 10254 | Lair:1   | Killed an eight-headed hydra
 10385 | Lair:1   | Noticed a five-headed hydra
 10393 | Lair:1   | Killed an eight-headed hydra
 10625 | Lair:1   | Reached XP level 11. HP: 93/110 MP: 10/10
 11093 | Lair:1   | Noticed a fire dragon
 11100 | Lair:1   | Killed a fire dragon
 12022 | Lair:2   | Reached skill level 15 in Fighting
 12022 | Lair:2   | Reached skill level 15 in Axes
 12361 | Lair:2   | Found a hole to the Spider Nest.
 13077 | Lair:2   | Found a staircase to the Shoals.
 13354 | Lair:2   | Noticed a five-headed hydra
 13361 | Lair:2   | Killed a seven-headed hydra
 13744 | Lair:3   | Noticed a seven-headed hydra
 13753 | Lair:3   | Killed a nine-headed hydra
 13849 | Lair:3   | Noticed a four-headed hydra
 13861 | Lair:3   | Killed a five-headed hydra
 13862 | Lair:3   | Reached XP level 12. HP: 122/122 MP: 11/11
 14358 | Lair:3   | Noticed a catoblepas
 14366 | Lair:3   | Killed a catoblepas
 15042 | Lair:4   | Identified the +8 glaive "Yseshrunt" {flame, *Rage Int+5
                  | Stlth+}
 15144 | Lair:4   | Noticed a death yak
 15144 | Lair:4   | Noticed a death yak
 15145 | Lair:4   | Noticed a death yak
 15145 | Lair:4   | Noticed a death yak
 15148 | Lair:4   | Noticed a death yak
 15148 | Lair:4   | Noticed a death yak
 15149 | Lair:4   | Killed a death yak
 15152 | Lair:4   | Killed a death yak
 15152 | Lair:4   | Killed a death yak
 15161 | Lair:4   | Killed a death yak
 15169 | Lair:4   | Killed a death yak
 15170 | Lair:4   | Killed a death yak
 15812 | Lair:4   | Found a basalt altar of Yredelemnul.
 16209 | Lair:4   | Noticed a five-headed hydra
 16261 | Lair:4   | Killed a ten-headed hydra
 16787 | Lair:5   | Identified the +8 flail of Blood {speed, Fly rPois rC-
                  | Dex+8}
 16947 | Lair:5   | Noticed a death yak
 16947 | Lair:5   | Noticed a death yak
 16947 | Lair:5   | Noticed a death yak
 16948 | Lair:5   | Noticed a death yak
 16949 | Lair:5   | Noticed a death yak
 16949 | Lair:5   | Noticed a death yak
 16949 | Lair:5   | Noticed a death yak
 17035 | Lair:4   | Killed a death yak
 17218 | Lair:4   | Killed a death yak
 17408 | Lair:5   | Killed a death yak
 17688 | Lair:5   | Received a gift from Trog
 17822 | Lair:5   | Reached XP level 13. HP: 87/134 MP: 12/12
 18108 | Lair:5   | Noticed a dire elephant
 18116 | Lair:5   | Killed a dire elephant
 18141 | Lair:5   | HP: 4/134 [elephant (11)]
 18141 | Lair:5   | HP: 1/134 [elephant (3)]
 19237 | Lair:5   | Found a viscous altar of Jiyva.
 19237 | Lair:5   | Found a staircase to the Slime Pits.
 19363 | Lair:6   | Entered Level 6 of the Lair of Beasts
 19372 | Lair:6   | Noticed Litod's ghost (journeyman DESu)
 19651 | Lair:6   | Found a runed translucent gate.
 19731 | Lair:6   | Found a runed translucent gate.
 19731 | Lair:6   | Found a runed translucent gate.
 21817 | Lair:6   | Reached XP level 14. HP: 78/146 MP: 13/13
 22151 | Lair:6   | Reached skill level 5 in Armour
 22243 | Lair:6   | Received a gift from Trog
 22261 | Lair:6   | Reached skill level 5 in Dodging
 22831 | Lair:6   | Acquired the +4 executioner's axe "Emif Muraen" {speed,
                  | rF+}
 22861 | Lair:6   | Killed Litod's ghost
 22899 | Lair:6   | Identified the ring "Boxkaoxt" {Fire +Blink Str+2}
 22904 | Lair:6   | Identified the ring of Xyqanwin {rElec rF+ Slay+3}
 23243 | D:9      | Noticed Psyche
 24146 | D:9      | Killed Psyche
 24177 | D:10     | Entered Level 10 of the Dungeon
 25085 | D:11     | Received a gift from Trog
 25152 | D:11     | Found a staircase to the Orcish Mines.
 25369 | D:11     | Noticed Nergalle
 25375 | D:11     | Killed Nergalle
 25991 | Orc:1    | Entered Level 1 of the Orcish Mines
 26013 | Orc:1    | Found a dark tunnel.
 26018 | Volcano  | Entered a volcano
 26633 | Orc:1    | Found Ysaenor's Armour Boutique.
 26718 | Orc:1    | Paralysed by an orc sorcerer for 6 turns
 26721 | Orc:1    | Mangled by an ice devil

Illustrated notes

Levels and vault maps discovered:
D:1:      evilmike_arrival_crescent, layout_loops_ring, basic_ecumenical_altar,
          minmay_misc_feat_doors, minmay_tromino_v4_c
D:2:      minmay_angry_zag, layout_rooms, kennysheep_generic_room_7
D:3:      layout_rooms, nicolae_kikubaaqudgha_miasma_corner
D:4:      layout_cave_pools, kennysheep_potato, uniq_edmund
D:5:      layout_basic, enter_ossuary_1, chequers_serial_rivers_large_a,
          sigmund_army
D:6:      corexii_shantytown, layout_gridville, serial_shops, shop,
          gammafunk_ghost_split
D:7:      layout_gridville, minmay_temple_entry_glassed_door,
          minmay_misc_feat_alley
D:8:      gammafunk_wand_slinger, layout_gridville, minmay_lair_entry_grove,
          hangedman_decor_riveting
D:9:      layout_basic, uniq_psyche
D:10:     layout_rooms
D:11:     layout_roguey, erik_orc_1, nrook_mini_vaults, minmay_puff,
          uniq_nergalle
Lair:1:   dragon1_lemuel, layout_cave_pods, nicolae_quartered_pool_super,
          eino_small_chamber_without_monster, serial_bayou_pond_e,
          lemuel_fruit_tree
Lair:2:   layout_layer_cave, minmay_shoals_entry_hut,
          spider_nest_entry_web_field
Lair:3:   layout_roguey
Lair:4:   layout_cave_pods, basic_altar, grunt_megastairs_1
Lair:5:   mu_elephants_graveyard, layout_small_grid,
          dpeg_slime_entry_enclosed_altar
Lair:6:   evilmike_catoblepas_cave, layout_regular_city, gammafunk_ghost_icy
Orc:1:    layout_diamond_mine, enter_volcano_4, serial_shops,
          nicolae_shop_trees, nicolae_orc_pool_cavern

Skill      XL: |  1  2  3  4  5  6  7  8  9 10 11 12 13 14 |
---------------+-------------------------------------------+-----
Fighting       | 4 5 6 7 9 10 12 14 15 17 19 | 19.1
Axes           | 4 5 6 7 9 10 12 14 15 17 19 | 19.1
Armour         | 4 9 |  9.7
Dodging        | 4 8 |  8.9

Action                   |  1- 3 |  4- 6 |  7- 9 | 10-12 | 13-15 || total
-------------------------+-------+-------+-------+-------+-------++-------
Melee: Hand axe          |    72 |   118 |   176 |       |       ||   366
       Headbutt          |    16 |    23 |    51 |    61 |    90 ||   241
       Battleaxe         |       |       |    21 |   264 |       ||   285
       Executioner's axe |       |       |     4 |       |   371 ||   375
Throw: Throwing net      |       |       |       |     7 |     4 ||    11
Invok: Berserk           |       |     5 |     4 |     6 |     8 ||    23
       Trog's Hand       |       |       |     1 |     1 |     3 ||     5
       Brothers in Arms  |       |       |       |     2 |       ||     2
Evoke: Wand              |       |       |     3 |     3 |     1 ||     7
  Use: Scroll            |       |     4 |    17 |     4 |    11 ||    36
       Potion            |       |       |       |       |     2 ||     2
 Stab: Sleeping          |     1 |       |       |       |       ||     1
       Held in net/web   |       |       |       |     3 |     1 ||     4
Armor: Animal skin       |    13 |    11 |       |       |       ||    24
       Scale mail        |       |    14 |       |       |       ||    14
       Ring mail         |       |     7 |    82 |    26 |       ||   115
       Chain mail        |       |       |       |    44 |   121 ||   165
       Skin              |       |       |       |       |     4 ||     4
Dodge: Dodged            |    48 |    70 |   115 |   101 |   111 ||   445
Block: Other             |       |       |       |       |    51 ||    51
       Reflection        |       |       |       |       |     5 ||     5

Table legend: (Time is in decaauts)
 A = Elapsed time spent in this place.
 B = Non-inter-level travel time spent in this place.
 C = Inter-level travel time spent in this place.
 D = Time resting spent in this place.
 E = Time spent auto-exploring this place.
 F = Levels seen in this place.
 G = Mean time per level.
                   A        B        C        D        E       F      G
               +--------+--------+--------+--------+--------+-----+--------+
         Total |  26937 |  25819 |   1118 |   8017 |  14205 |  20 | 1346.8 |
       Dungeon |  12597 |  11935 |    662 |   2805 |   7658 |  11 | 1145.2 |
          Lair |  13105 |  12649 |    456 |   4547 |   6352 |   6 | 2184.2 |
  Orcish Mines |    131 |    131 |      0 |      0 |     66 |   1 |  131.0 |
       Ossuary |    515 |    515 |      0 |    325 |     69 |   1 |  515.0 |
       Volcano |    587 |    587 |      0 |    339 |     59 |   1 |  587.0 |
               +--------+--------+--------+--------+--------+-----+--------+

Top non-repeatable levels by time:
  Lair:5: 3089 daAuts
  Lair:6: 2689 daAuts
     D:7: 2479 daAuts
  Lair:1: 2107 daAuts
  Lair:4: 2096 daAuts
  Lair:2: 1749 daAuts
     D:8: 1627 daAuts
  Lair:3: 1372 daAuts
    D:11: 1329 daAuts
     D:5: 1226 daAuts
     D:2: 1094 daAuts
     D:1: 1004 daAuts
     D:4: 964 daAuts
     D:9: 906 daAuts
     D:6: 889 daAuts
